 Dungeon Crawl Stone Soup version 0.24-a0-525-g9231cdcba1 (webtiles) character file.

Game seed: 1097020657422920325

18 Gynju the Gusty (level 2, 0/15 HPs)
             Began as a Tengu Air Elementalist on Aug 1, 2019.
             Was an Initiate of Vehumet.
             Slain by a hobgoblin (1 damage)
             ... on level 2 of the Dungeon.
             The game lasted 00:02:54 (1291 turns).

Gynju the Gusty (Tengu Air Elementalist)            Turns: 1291, Time: 00:02:54

Health: 0/15       AC:  3    Str:  8    XL:     2   Next: 66%
Magic:  1/6        EV: 12    Int: 15    God:    Vehumet [......]
Gold:   134        SH:  0    Dex: 14    Spells: 4/5 levels left

rFire    . . .     SeeInvis .   d - +0 hand axe
rCold    . . .     Gourm    .   (no shield)
rNeg     . . .     Faith    .   j - +0 leather armour
rPois    .         Spirit   .   (helmet restricted)
rElec    .         Reflect  .   (no cloak)
rCorr    .         Harm     .   (no gloves)
MR       .....                  (boots unavailable)
Stlth    ++........             (no amulet)
HPRegen  0.05/turn              (no ring)
MPRegen  0.10/turn              (no ring)

@: no status effects
A: beak, talons 3
a: Renounce Religion


You were on level 2 of the Dungeon.
You worshipped Vehumet.
Vehumet was noncommittal.
You were hungry.

You visited 1 branch of the dungeon, and saw 2 of its levels.

You collected 134 gold pieces.

Inventory:

Hand Weapons
 d - a +0 hand axe (weapon)
Missiles
 f - 11 poisoned darts (quivered)
Armour
 j - a +0 leather armour (worn)
Jewellery
 k - an uncursed ring of stealth {unknown}
Scrolls
 b - a scroll of teleportation {unknown}
 g - a scroll of amnesia {unknown}
Potions
 e - 3 potions of degeneration {unknown}
 h - 2 potions of flight {unknown}
 i - a potion of brilliance {unknown}
 l - a potion of resistance {unknown}
Comestibles
 a - 2 chunks of flesh
 c - 6 rations


   Skills:
 - Level 2.1 Dodging
 - Level 2.0 Stealth
 + Level 2.3 Spellcasting
 + Level 2.2 Conjurations
 + Level 4.4 Air Magic


You had 4 spell levels left.
You knew the following spells:

 Your Spells              Type           Power        Failure   Level  Hunger
a - Shock                 Conj/Air       ##..         8%          1    #......

Your spell library contained the following spells:

 Spells                   Type           Power        Failure   Level  Hunger
 Swiftness                Chrm/Air       #.......     19%         2    ###....
 Static Discharge         Conj/Air       ##......     24%         3    ###....
 Airstrike                Air            ###.......   45%         4    #####..
 Lightning Bolt           Conj/Air       ##........   91%         5    ######.


Dungeon Overview and Level Annotations

Branches:
Dungeon (2/15)

Altars:
Vehumet
Xom


Innate Abilities, Weirdness & Mutations

You have a beak for a mouth.
You have claws for feet.


Message History

Confirm with . or Enter, or press ? or * to list all spells.
You don't have enough magic to cast that spell.
Casting: Shock (safe; 8% risk of failure)
Confirm with . or Enter, or press ? or * to list all spells.
You don't have enough magic to cast that spell.
You hit the hobgoblin.
The hobgoblin is moderately wounded.
The hobgoblin hits you.
You barely miss the hobgoblin.
You claw the hobgoblin, but do no damage.
The hobgoblin is moderately wounded.
The hobgoblin hits you.
You hit the hobgoblin.
The hobgoblin is almost dead.
The hobgoblin hits you. x2
* * * LOW HITPOINT WARNING * * *
You barely miss the hobgoblin.
The hobgoblin is severely wounded.
The hobgoblin hits you.
You die...

.....#..÷..........#######.#.....
................÷.............###
..###.#####.#####...÷............
..# #. #.#####..........>...##
..# ## #....................# ..#
.....#...#............# ..#
....###.###...........# ###
......#...#............#
.........@).............#
........#.g.#...........<#
........###.###..........## .
#...#........_..#
........####....## #.....?...
.#### #......... .# #.......g..


You could see a hobgoblin.

Vanquished Creatures
  2 leopard geckos
  4 bats
  A giant cockroach (D:1)
  2 goblins
  A kobold (D:1)
  4 frilled lizards
  A rat (D:1)
15 creatures vanquished.

Notes
Turn   | Place    | Note
-------+----------+-------------------------------------------
     0 | D:1      | Gynju the Tengu Air Elementalist began the quest for the
                  | Orb.
     0 | D:1      | Reached XP level 1. HP: 10/10 MP: 4/4
   483 | D:1      | Reached XP level 2. HP: 15/15 MP: 3/6
  1241 | D:2      | Found a radiant altar of Vehumet.
  1248 | D:2      | Found a shimmering altar of Xom.
  1281 | D:2      | Became a worshipper of Vehumet
  1291 | D:2      | Slain by a hobgoblin

Levels and vault maps discovered:
D:1:      scummos_arrival_star, layout_loops_corners
D:2:      layout_basic, brannock_xom_greatest_gift, lemuel_round_altar,
          vehumet_crystals, nicolae_overflow_hidden_temple, first_ration

Skill      XL: |  1  2 |
---------------+-------+-----
Conjurations   | 2 |  2.2
Dodging        | |  2.1
Stealth        | |  2.0
Spellcasting   | |  2.3
Air Magic      | |  4.4

Action                   || total
-------------------------++-------
Melee: Hand axe          ||     7
       Kick              ||     2
       Peck              ||     1
 Cast: Shock             ||    32
  Eat: Chunk             ||     1
Armor: Robe              ||     5
       Leather armour    ||     3
Dodge: Dodged            ||     8

Table legend:
 A = Non-vault XP
 B = Vault XP
 C = Vault XP percentage of total XP
 D = Non-vault monster count
 E = Vault monster count
 F = Vault count percentage of total count
                 A         B        C        D         E       F
            +---------+---------+-------+---------+---------+-------
      Total |      26 |       0 |   0.0 |      15 |       0 |   0.0
            +---------+---------+-------+---------+---------+-------
        D:1 |      16 |       0 |   0.0 |       9 |       0 |   0.0
        D:2 |      10 |       0 |   0.0 |       6 |       0 |   0.0
            +---------+---------+-------+---------+---------+-------
